Map: Lightshade LE

Players

Serral

  • Race: Zerg Zerg
  • League: Master
  • Spawn Location: 11:00

Reynor - Winner!

  • Race: Zerg Zerg
  • League: Master
  • Spawn Location: 5:00

Event: DreamHack SC2 Masters 2020 Winter

VOD

Have the link to the VOD?

Description

Time

  • Played on: Nov. 7, 2020, 1:36 p.m.
  • Length: 16:00

All games in this series

Show
View Real Time Build Order
Export as new Build Order

Serral Zerg 

Build Orders: Pool First, Lurkers 

Get SALT Encoding   

  12  0:00  Drone  
  13  0:11  Overlord  
  13  0:16  Drone  
  14  0:30  Drone x2  
  14  0:34  Drone  
  17  0:43  Spawning Pool  
  17  0:46  Drone  
  17  1:06  Hatchery  
  17  1:09  Drone  
  17  1:11  Extractor  
  16  1:14  Drone  
  16  1:18  Drone  
  18  1:30  Queen  
  18  1:31  Zergling x2  
  21  1:37  Overlord  
  21  1:48  Drone  
  22  2:01  Drone  
  22  2:05  Queen  
  25  2:10  Drone, Metabolic Boost  
  26  2:18  Drone, Queen  
  26  2:22  Drone  
  30  2:29  Drone  
  31  2:32  Drone  
  32  2:37  Baneling Nest  
  32  2:38  Drone x2  
  32  2:42  Overlord  
  33  2:45  Drone  
  33  2:47  Zergling x2  
  35  2:51  Zergling x2  
  36  3:06  Hatchery  
  36  3:07  Drone  
  36  3:09  Zergling x2  
  37  3:13  Drone x2  
  37  3:16  Overlord  
  39  3:22  Baneling, Zergling x2  
  39  3:24  Drone  
  41  3:28  Drone x2  
  41  3:32  Drone, Evolution Chamber  
  43  3:36  Baneling  
  43  3:38  Zergling x2  
  43  3:40  Drone x2  
  46  3:42  Overlord  
  46  3:45  Baneling  
  46  3:46  Drone  
  47  3:49  Drone  
  48  3:56  Roach Warren  
  48  3:58  Zergling x2  
  48  3:59  Drone x2  
  48  4:02  Zerg Missile Weapons Level 1  
  49  4:06  Drone x2, Extractor  
  50  4:11  Drone x3  
  50  4:14  Drone  
  54  4:21  Drone x5  
  59  4:26  Extractor, Overlord  
  59  4:28  Drone  
  59  4:35  Zergling x2  
  59  4:36  Lair  
  59  4:38  Drone  
  61  4:41  Overlord  
  61  4:43  Drone  
  64  4:45  Drone x2  
  64  4:46  Drone  
  64  4:49  Drone  
  64  4:50  Drone  
  64  4:51  Drone x2  
  68  4:54  Drone x2  
  68  4:58  Drone x2  
  68  4:59  Drone  
  73  5:02  Pneumatized Carapace  
  73  5:03  Drone, Extractor  
  73  5:07  Drone x2  
  73  5:12  Drone  
  73  5:14  Extractor  
  74  5:15  Extractor  
  74  5:16  Drone x4  
  74  5:20  Overlord  
  74  5:21  Drone, Roach  
  78  5:25  Overlord  
  78  5:27  Overlord  
  80  5:31  Overlord  
  80  5:32  Overlord  
  80  5:33  Overseer, Glial Reconstitution  
  80  5:38  Overlord  
  80  5:40  Roach x3  
  80  5:42  Roach  
  88  5:45  Roach x2  
  88  5:46  Roach  
  94  5:54  Roach x4  
  94  5:56  Roach  
  103  6:04  Hatchery, Roach  
  103  6:15  Drone  
  103  6:17  Roach x7  
  118  6:20  Zerg Missile Weapons Level 2  
  118  6:22  Hatchery  
  118  6:25  Evolution Chamber  
  116  6:27  Drone  
  116  6:28  Roach x2  
  129  6:40  Roach x5  
  129  6:46  Overlord x2  
  130  6:47  Hatchery, Overlord x2  
  130  6:48  Overlord  
  130  6:52  Zerg Ground Armor Level 1  
  129  6:59  Overlord  
  129  7:05  Roach  
  129  7:06  Roach x6  
  142  7:16  Drone  
  142  7:19  Tunneling Claws, Burrow  
  142  7:22  Roach x6  
  155  7:27  Ravager x6  
  161  7:30  Overlord  
  161  7:32  Roach x3  
  161  7:34  Overlord  
  167  7:37  Overseer  
  167  7:43  Roach x5  
  177  7:51  Drone x3  
  179  7:58  Hydralisk Den  
  180  7:59  Queen x2, Infestation Pit  
  180  8:04  Spore Crawler  
  180  8:05  Spore Crawler  
  183  8:06  Spore Crawler  
  183  8:09  Drone x2  
  183  8:11  Roach  
  180  8:13  Spore Crawler  
  179  8:21  Overlord  
  179  8:22  Spore Crawler  
  175  8:30  Queen  
  175  8:33  Roach x2  
  175  8:35  Drone, Queen  
  175  8:36  Drone x2  
  172  8:41  Ravager x2  
  172  8:42  Roach x2  
  172  8:48  Hive  
  172  8:51  Infestor x3  
  172  8:54  Roach x7  
  192  9:00  Overlord  
  192  9:03  Overlord  
  192  9:09  Overlord  
  188  9:10  Roach x4, Overlord  
  188  9:16  Hatchery  
  187  9:18  Zerg Ground Armor Level 2  
  187  9:23  Drone x2  
  189  9:24  Ravager  
  189  9:25  Ravager  
  189  9:27  Roach  
  189  9:28  Roach x3  
  189  9:30  Hatchery  
  196  9:40  Spore Crawler  
  196  9:41  Roach x2  
  198  9:47  Roach x6  
  198  9:49  Spawning Pool  
  198  9:51  Roach x6  
  197  10:08  Overlord  
  197  10:09  Overlord  
  195  10:16  Roach  
  195  10:17  Roach x4  
  199  10:24  Roach  
  199  10:25  Roach  
  199  10:26  Roach  
  199  10:27  Roach x3  
  197  10:30  Hatchery  
  197  10:31  Zerg Missile Weapons Level 3  
  192  10:35  Hydralisk Den  
  192  10:38  Roach x3  
  192  10:39  Roach x5  
  199  10:49  Roach  
  197  10:50  Roach x7  
  197  10:52  Infestor x2  
  195  11:03  Drone x4  
  195  11:07  Grooved Spines  
  195  11:08  Roach x3  
  193  11:11  Drone  
  193  11:14  Hydralisk x4  
  196  11:25  Hydralisk x4  
  199  11:33  Hydralisk x2  
  199  11:43  Roach x3  
  199  11:46  Lurker Den  
  198  11:53  Roach  
  198  11:54  Roach x2  
  200  12:00  Extractor  
  186  12:12  Roach x13  
  186  12:13  Roach x5  
  174  12:18  Muscular Augments  
  174  12:19  Drone x2  
  174  12:20  Hydralisk x2  
  174  12:21  Hydralisk x3  
  177  12:22  Overseer  
  177  12:26  Hydralisk x3  
  177  12:37  Drone  
  178  12:40  Extractor  
  178  12:41  Drone x3, Extractor  
  178  12:43  Overseer  
  179  12:46  Overlord  
  179  12:47  Roach  
  179  12:49  Roach x5  
  191  12:54  Seismic Spines  
  191  12:55  Lurker  
  191  12:57  Roach  
  180  13:07  Roach x10  
  161  13:13  Roach  
  161  13:19  Roach x3  
  163  13:27  Drone  
  160  13:30  Drone x2  
  160  13:31  Drone  
  160  13:32  Lurker x4  
  166  13:38  Drone  
  167  13:42  Roach x6  
  179  13:49  Roach x4  
  179  13:52  Overlord  
  179  13:55  Roach x4, Overseer  
  187  14:00  Roach x16  
  187  14:02  Roach x2  
  191  14:04  Drone  
  192  14:11  Hydralisk x4  
  200  14:19  Roach  
  200  14:20  Roach x2  
  194  14:27  Hydralisk x3  
  194  14:28  Roach x3  
  194  14:31  Roach  
  194  14:35  Hydralisk x2  
  190  14:40  Roach x11  
  190  14:42  Roach x2  
  190  14:43  Roach  
  198  14:45  Roach  
  198  14:50  Hydralisk x2  
  194  15:01  Roach x4  
  194  15:03  Hydralisk x3  
  192  15:16  Hydralisk  
  192  15:18  Hydralisk  
  192  15:19  Roach x5  
  180  15:25  Hydralisk x3  
  180  15:26  Hydralisk x3  
  188  15:34  Roach  
Show
View Real Time Build Order
Export as new Build Order

Reynor Zerg - Winner!

Build Orders: Hatch First 

Get SALT Encoding   

  12  0:00  Drone  
  13  0:12  Overlord  
  13  0:17  Drone  
  14  0:30  Drone x2  
  16  0:47  Hatchery  
  15  0:50  Drone  
  15  0:54  Drone  
  17  1:08  Spawning Pool  
  17  1:11  Drone  
  17  1:12  Extractor  
  17  1:15  Drone  
  17  1:19  Drone  
  18  1:29  Drone  
  19  1:40  Drone  
  20  1:49  Overlord  
  20  1:54  Queen  
  20  1:59  Queen  
  20  2:00  Zergling x2  
  25  2:04  Drone  
  26  2:10  Drone x2  
  26  2:12  Metabolic Boost  
  28  2:21  Drone x2  
  30  2:34  Hatchery  
  30  2:36  Drone  
  30  2:38  Drone  
  30  2:44  Drone  
  32  2:48  Overlord  
  32  2:53  Zergling x4  
  32  2:55  Baneling Nest  
  33  3:02  Drone x3  
  36  3:08  Zergling x6  
  36  3:12  Overlord  
  39  3:19  Zergling x6  
  42  3:26  Overlord  
  42  3:29  Queen  
  42  3:31  Drone  
  45  3:36  Evolution Chamber  
  44  3:46  Drone x5  
  44  3:47  Drone  
  50  3:48  Drone  
  50  3:50  Drone  
  50  3:52  Drone  
  53  3:57  Overlord  
  52  4:03  Drone x2  
  52  4:06  Zerg Missile Weapons Level 1  
  52  4:07  Drone  
  52  4:08  Drone  
  52  4:09  Drone  
  55  4:11  Drone  
  55  4:12  Drone  
  55  4:15  Drone  
  58  4:19  Drone  
  58  4:23  Overlord  
  59  4:26  Roach Warren  
  59  4:27  Extractor  
  59  4:28  Drone x2, Extractor  
  59  4:31  Drone, Baneling x2  
  58  4:40  Drone x3, Overlord  
  58  4:41  Drone  
  62  4:47  Overlord  
  62  4:54  Drone x3  
  62  4:55  Drone  
  62  4:56  Lair  
  62  4:59  Drone x2  
  68  5:00  Drone x3  
  68  5:01  Drone  
  68  5:06  Extractor  
  71  5:08  Drone  
  71  5:11  Drone x5  
  77  5:14  Extractor  
  77  5:15  Extractor  
  77  5:20  Overlord  
  77  5:21  Drone  
  76  5:22  Drone  
  77  5:30  Drone x2  
  77  5:31  Zergling x8  
  77  5:34  Zergling x4  
  77  5:35  Zergling x2  
  86  5:36  Hatchery  
  85  5:44  Zergling x6  
  85  5:45  Overlord  
  85  5:48  Zergling x4  
  90  5:57  Zergling x18  
  92  6:00  Glial Reconstitution  
  98  6:07  Overlord  
  98  6:10  Drone  
  98  6:11  Spire, Hatchery  
  98  6:17  Roach x4  
  101  6:22  Roach x2  
  101  6:23  Zerg Missile Weapons Level 2  
  101  6:25  Overlord  
  105  6:28  Roach x3  
  106  6:40  Roach  
  106  6:41  Roach x3  
  106  6:45  Overlord  
  110  6:51  Roach x3  
  110  6:52  Roach x4  
  119  6:56  Roach  
  119  6:58  Overlord  
  119  7:00  Overlord  
  120  7:03  Roach  
  120  7:05  Roach x4  
  128  7:08  Overlord  
  128  7:14  Overlord  
  126  7:23  Mutalisk x3  
  126  7:24  Mutalisk x2  
  126  7:28  Mutalisk x2  
  126  7:29  Mutalisk x3  
  146  7:31  Drone x3  
  146  7:35  Roach x2  
  153  7:37  Mutalisk  
  153  7:40  Roach  
  153  7:42  Roach x2  
  153  7:44  Drone x2  
  163  7:51  Overlord  
  163  7:53  Roach  
  163  7:54  Roach  
  163  7:56  Overlord  
  167  8:01  Overlord  
  166  8:08  Drone  
  166  8:11  Drone x5, Extractor  
  166  8:12  Extractor  
  170  8:15  Overlord  
  170  8:17  Roach x5  
  170  8:19  Roach  
  184  8:20  Ravager x2  
  184  8:22  Ravager x3  
  184  8:23  Overlord  
  188  8:27  Ravager x2  
  188  8:32  Spore Crawler, Roach x2  
  192  8:34  Overlord  
  192  8:40  Overseer x2  
  192  8:44  Pneumatized Carapace  
  192  8:47  Overseer  
  190  8:50  Roach x4  
  197  8:57  Spore Crawler  
  197  8:58  Spore Crawler  
  195  9:05  Roach x2  
  195  9:07  Drone, Spore Crawler  
  199  9:12  Zerg Ground Armor Level 1  
  199  9:16  Infestation Pit  
  198  9:28  Tunneling Claws  
  198  9:29  Burrow  
  198  9:33  Drone x2  
  198  9:37  Evolution Chamber  
  195  9:46  Roach  
  195  9:47  Roach  
  197  10:10  Overlord  
  197  10:13  Roach  
  199  10:16  Hydralisk Den  
  198  10:29  Roach  
  200  10:38  Roach x4  
  198  10:43  Hive  
  198  10:45  Roach x3  
  198  10:53  Roach x2  
  192  11:14  Drone x4  
  195  11:18  Roach x3  
  195  11:19  Roach  
  195  11:25  Roach x3  
  199  11:29  Spine Crawler  
  199  11:31  Muscular Augments, Zerg Ground Armor Level 2  
  198  11:36  Roach x14  
  198  11:42  Roach  
  200  11:50  Roach x12  
  200  12:02  Roach x12  
  188  12:11  Hatchery, Roach x13  
  188  12:13  Roach  
  188  12:14  Roach x8  
  194  12:18  Roach  
  194  12:19  Roach x7  
  199  12:25  Roach  
  199  12:27  Zerg Missile Weapons Level 3  
  199  12:28  Roach x3  
  196  12:31  Roach x5  
  196  12:36  Roach x5  
  198  12:41  Ravager x4  
  198  12:42  Overseer x2  
  198  12:43  Grooved Spines  
  198  12:45  Roach  
  198  12:48  Spore Crawler  
  198  12:51  Spine Crawler  
  198  12:55  Roach x4  
  198  12:57  Lurker Den  
  191  13:04  Roach x3  
  191  13:05  Roach x15  
  184  13:08  Roach  
  144  13:15  Roach  
  144  13:16  Roach x3  
  144  13:18  Queen  
  135  13:20  Roach  
  135  13:21  Roach x2  
  135  13:25  Roach x3  
  138  13:30  Roach x4  
  138  13:31  Ravager x5  
  151  13:34  Queen  
  151  13:37  Viper x2  
  151  13:38  Viper  
  158  13:41  Roach x3  
  158  13:47  Roach x4  
  170  13:50  Roach x3  
  176  13:55  Roach x5  
  176  13:56  Roach x4  
  176  14:03  Viper x2  
  176  14:06  Drone x6  
  176  14:08  Spore Crawler, Extractor  
  176  14:09  Extractor, Overlord  
  185  14:15  Overlord  
  185  14:23  Roach x5  
  185  14:24  Roach x5  
  192  14:33  Roach x4  
  192  14:35  Roach  
  198  14:39  Roach  
  197  14:48  Overseer  
  197  14:52  Roach  
  197  14:53  Roach  
  196  15:17  Roach x3  
  186  15:31  Roach x13  
  192  15:36  Roach  
Tags
 
Add a new tag
Caveats
  • Supply blocks, unpowered buildings, or Contaminate may cause inaccurate times.
  • Supply counts are checked every 10 seconds.